cohdb
Replays
Latest Replays
All Replays
Popular Replays
Top Player Replays
Match Explorer
How It Works
Community
CoH3 Stats
Reddit
Sign in to upload your games and track your stats! →
Sign in with Steam
Match 42620062
Unlisted
Match 42620062
Overview
Messages
Build Orders
End
Royal Engineer Section
Construct Section Command Post
Infantry Section
Dingo Light Scout Car
Infantry Section
Infantry Section
Construct Platoon Command Post
Selects Canadian Shock Battlegroup
Selects Attacking Spirit
Selects Canadian Shock Section
Canadian Shock Section
Selects Incendiary Munitions
6-pounder Anti-tank Gun Team
Infantry Training
6-pounder Anti-tank Gun Team
Construct Company Command Post
Vickers Machine Gun Team
Matilda II Heavy Tank
Selects Pyrotechnics
Canadian Shock Section
Crusader II Medium Tank
Foot Guards Section
Selects Churchill Crocodile Heavy Tank
Churchill Crocodile Heavy Tank
6-pounder Anti-tank Gun Team
Crusader II Medium Tank
Selects Smoke Operation
Royal Engineer Section
Smoke Operation
Monsieur Nathan
DangerouslyDumb
Right Click God
ThundersEdge
Landser
*Mule
0
0
Comments
sign in to comment!
No comments posted yet!